 Dungeon Crawl Stone Soup version 0.28.0-1-gb440e238dd (webtiles) character file.

Game seed: 8481580353340931681

950 spiderapocalypse the Shield-Bearer (level 7, -5/62 HPs)
             Began as a Minotaur Fighter on Feb 21, 2022.
             Was a Follower of Cheibriados.
             Slain by Edmund (8 damage)
             ... on level 5 of the Dungeon.
             The game lasted 00:30:21 (4007 turns).

spiderapocalypse the Shield-Bearer (MiFi)           Turns: 4007, Time: 00:30:22

Health: -5/62      AC: 10    Str: 22    XL:     7   Next: 90%
Magic:  3/6        EV:  7    Int:  7    God:    Cheibriados [*.....]
Gold:   147        SH:  5    Dex: 14    Spells: 6/6 levels left

rFire   . . .      SeeInvis .   v - +1 hand axe (elec)
rCold   . . .      Faith    .   c - +0 buckler
rNeg    . . .      Spirit   .   q - +0 chain mail
rPois   .          Reflect  .   (helmet restricted)
rElec   .          Harm     .   (no cloak)
rCorr   .          Rampage  .   (no gloves)
Will    .....                   (no boots)
Stlth   ..........              (no amulet)
HPRegen 0.20/turn               y - ring of flight
MPRegen 0.10/turn               (no ring)

@: flying, very slow
A: horns 2, retaliatory headbutt
a: Renounce Religion, Bend Time


You were on level 5 of the Dungeon.
You worshipped Cheibriados.
Cheibriados was aware of your devotion.
You visited 1 branch of the dungeon, and saw 5 of its levels.

You collected 147 gold pieces.

Inventory:

Hand Weapons
 h - a +0 halberd
 i - a +0 vampiric whip
 k - a +0 scythe of freezing
 v - a +1 hand axe of electrocution (weapon)
 H - the +1 short sword of Innocence {antimagic, rPois rC+ rN+ Int+4}
   (You found it on level 3 of the Dungeon)

   It reduces the magical energy of the wielder, and disrupts the spells and
   magical abilities of those it strikes.
   Natural abilities and divine invocations are not affected.
   Int:       It affects your intelligence (+4).
   rC:        It protects you from cold.
   rPois:     It protects you from poison.
   rN:        It protects you from negative energy.
Armour
 b - a +0 scale mail
 c - a +0 buckler (worn)
 q - a +0 chain mail (worn)
Jewellery
 y - a ring of flight (left hand)
 K - a ring of flight
Scrolls
 f - a scroll of enchant weapon {unknown}
 m - a scroll of enchant armour {unknown}
 n - 2 scrolls of blinking {unknown}
 o - a scroll of fog {unknown}
 r - 3 scrolls of teleportation {unknown}
 s - a scroll of fear {unknown}
 t - 3 scrolls of vulnerability {unknown}
 B - a scroll of summoning {unknown}
 C - 4 scrolls of identify {unknown}
Potions
 d - 2 potions of might
 e - 4 potions of curing {unknown}
 g - a potion of degeneration {unknown}
 l - a potion of attraction {unknown}
 p - 2 potions of cancellation {unknown}
 x - a potion of mutation {unknown}
 z - a potion of berserk rage {unknown}
 E - 2 potions of ambrosia {unknown}
 F - a potion of heal wounds {unknown}


   Skills:
 + Level 5.9 Fighting
 + Level 0.0(1.8) Short Blades
 - Level 3.4 Long Blades
 + Level 3.7 Axes
 - Level 4.3 Throwing
 + Level 5.8 Armour
 + Level 5.9 Shields


You had 6 spell levels left.
You didn't know any spells.
Your spell library contained the following spells:

 Spells                   Type           Power      Damage    Failure   Level
 Magic Dart               Conj           0%         1d3       99%         1
 Call Imp                 Summ           0%         N/A       100%        2
 Ensorcelled Hibernation  Hex/Ice        0%         N/A       100%        2
 Passwall                 Tmut/Erth      0%         N/A       100%        2
 Sublimation of Blood     Necr           0%         N/A       100%        2
 Wereblood                Tmut           0%         N/A       100%        2
 Gell's Gravitas          Tloc           0%         N/A       100%        3
 Lesser Beckoning         Tloc           0%         N/A       100%        3
 Mephitic Cloud           Conj/Pois/Air  0%         N/A       100%        3
 Swiftness                Air            0%         N/A       100%        3
 Teleport Other           Tloc           0%         N/A       100%        3
 Summon Hydra             Summ           0%         N/A       100%        7


Dungeon Overview and Level Annotations

Branches:
Dungeon (5/15)
 Temple: D:4-7

Altars:
Cheibriados
Hepliaklqana
Okawaru

Shops:
D:2 !

Annotations:
D:5 Edmund


Innate Abilities, Weirdness & Mutations

You have a pair of horns on your head.
You reflexively headbutt those who attack you in melee.


Message History

The orc freezes you.
Edmund hits you with a +6 dire flail of holy wrath.
You hit Edmund but do no damage. You headbutt Edmund.
Edmund is moderately wounded.
You hit the orc.
The orc hits you with a +2 dagger of freezing.
The orc freezes you.
Edmund hits you with a +6 dire flail of holy wrath.
You hit Edmund but do no damage.
Edmund is moderately wounded.
You hit the orc. You block the orc's attack. Edmund barely misses you.
You furiously retaliate!
You headbutt Edmund, but do no damage.
You fail to use your ability.
The orc hits you but does no damage.
Edmund hits you with a +6 dire flail of holy wrath!
The flow of time bends around you.
Edmund resists with some effort.
Cheibriados rebukes the orc.
The orc seems to slow down.
Edmund hits you with a +6 dire flail of holy wrath.
The orc hits you but does no damage.
You closely miss Edmund. You headbutt Edmund!
Edmund is severely wounded.
You slash the orc!
You kill the orc!
You block Edmund's attack.
You hit Edmund but do no damage. You headbutt Edmund.
Edmund is severely wounded.
Edmund hits you with a +6 dire flail of holy wrath!
You barely miss Edmund.
Edmund is severely wounded.
Edmund hits you with a +6 dire flail of holy wrath!
* * * LOW HITPOINT WARNING * * *
You closely miss Edmund.
Edmund is severely wounded.
Edmund barely misses you.
Edmund hits you with a +6 dire flail of holy wrath!
* * * LOW HITPOINT WARNING * * *
You closely miss Edmund.
Edmund is severely wounded.
Edmund hits you with a +6 dire flail of holy wrath!
You die...

.###.... ...#
..#..... #...#
....... #.....
#....##.....
##....#....
.........#
##.....## .
#....<..## ...
##@..........
...@.##@)...###...
....@........# .
...............
....##......##..
... #...........
.. #........... .
##...##... #.[.#
#.#


You could see Edmund.

Vanquished Creatures
  Grinder (D:3)
  Sigmund (D:3)
  2 ogres (D:4)
  A phantom (D:4)
  A scorpion (D:4)
  2 orc priests
  A bullfrog skeleton (D:4)
  7 gnolls
  2 adders
  An ufetubus (D:4)
  An adder skeleton (D:4)
  3 worms
  2 dart slugs (D:1)
  10 orcs
  11 ball pythons
  8 bats
  6 endoplasms
  4 giant cockroaches
  8 goblins
  10 hobgoblins
  7 kobolds
  5 quokkas
  5 frilled lizards
  3 rats
102 creatures vanquished.

Notes
Turn   | Place    | Note
-------+----------+-------------------------------------------
     0 | D:1      | spiderapocalypse the Minotaur Fighter began the quest for
                  | the Orb.
     0 | D:1      | Reached XP level 1. HP: 19/19 MP: 0/0
   113 | D:1      | Reached XP level 2. HP: 27/27 MP: 1/1
   392 | D:1      | Reached XP level 3. HP: 26/33 MP: 2/2
   816 | D:2      | Found a faded altar of an unknown god.
   995 | D:2      | Reached XP level 4. HP: 41/41 MP: 3/3
  1019 | D:2      | Found a hazy altar of Hepliaklqana.
  1110 | D:2      | Found Unujis's Distillery.
  1450 | D:2      | Reached skill level 1 in Axes
  1959 | D:3      | Reached skill level 1 in Throwing
  1959 | D:3      | Reached XP level 5. HP: 47/47 MP: 4/4
  1980 | D:3      | Identified the +1 short sword of Innocence {antimagic,
                  | rPois rC+ rN+ Int+4}
  2340 | D:3      | Noticed Grinder
  2355 | D:3      | Killed Grinder
  2356 | D:3      | Reached skill level 5 in Fighting
  2356 | D:3      | Reached skill level 5 in Armour
  2356 | D:3      | Reached skill level 5 in Shields
  2356 | D:3      | Reached XP level 6. HP: 49/56 MP: 1/5
  2471 | D:3      | Found an iron altar of Okawaru.
  2484 | D:3      | Found a snail-covered altar of Cheibriados.
  2488 | D:3      | Became a worshipper of Cheibriados the Contemplative
  2779 | D:3      | Noticed Sigmund
  2789 | D:3      | Killed Sigmund
  2790 | D:3      | Reached XP level 7. HP: 40/61 MP: 2/6
  3838 | D:4      | Reached * piety under Cheibriados
  3987 | D:5      | Entered Level 5 of the Dungeon
  3991 | D:5      | Noticed Edmund
  4006 | D:5      | HP: 3/62 [Edmund (9)]
  4007 | D:5      | Slain by Edmund

Illustrated notes

Levels and vault maps discovered:
D:1:      dpeg_arrival_rooms_with_view, layout_basic,
          kennysheep_decorative_pillar, grunt_decor_resistance,
          minmay_misc_feat_tiny, hangedman_decor_peaks_small, glass_columns_c
D:2:      layout_loops_ring, basic_altar, serial_shops,
          nicolae_shop_statue_plus, nicolae_ecumenical_oubliette, dk_vineyard_2
D:3:      layout_loops_cross, amethyst_overflow_temple_binary, uniq_sigmund,
          uniq_grinder
D:4:      layout_basic, minmay_close_crescents
D:5:      layout_cave_pools, mainiacjoe_overflow_six_doors_small,
          nicolae_gozag_seed_capital, minmay_temple_entry_proselytizer,
          uniq_edmund, uniq_duvessa, uniq_pikel

Skill      XL: |  1  2  3  4  5  6  7 |
---------------+----------------------+-----
Fighting       | 4 5 |  5.9
Shields        | 4 5 |  5.9
Armour         | 4 5 |  5.8
Long Blades    | 3 |  3.4
Axes           | 1 2 3 |  3.7
Throwing       | 1 2 3 4 |  4.3

Action                   |  1- 3 |  4- 6 |  7- 9 || total
-------------------------+-------+-------+-------++-------
Melee: Long sword        |    81 |     1 |       ||    82
       Headbutt          |    14 |    20 |    18 ||    52
       Hand axe          |       |    67 |    97 ||   164
       Short sword       |       |    19 |       ||    19
Throw: Stone             |       |     3 |       ||     3
Invok: Bend Time         |       |       |     1 ||     1
Armor: Scale mail        |    24 |       |       ||    24
       Chain mail        |    12 |    27 |    38 ||    77
Dodge: Dodged            |    34 |    28 |    26 ||    88
Block: Buckler           |    30 |    14 |    22 ||    66
